[Event "German Bundesliga 2023-24"]
[Site "Germany"]
[Date "2024.02.25"]
[Round "11.49"]
[White "Pfreundt, Jakob"]
[Black "Nihal Sarin"]
[Result "0-1"]
[ECO "A30"]
[WhiteElo "2455"]
[BlackElo "2693"]
[Annotator "TA"]
[PlyCount "140"]
[EventDate "2023.10.20"]
[EventType "team-tourn"]
[EventCountry "GER"]
[SourceTitle "playchess.com"]
[Source "ChessBase"]
[SourceQuality "1"]
[TimeControl "40/6000+30:3000+30"]

1. Nf3 Nf6 2. c4 b6 3. g3 Bb7 4. Bg2 g6 5. b3 Bg7 6. Bb2 O-O 7. O-O e6 8. Nc3 d5 9. cxd5 Nxd5 $5 {[%emt 0:00:52][%mdl 4] Leaves trodden paths.} 10. Qc1 c5 11. Nxd5 {[%emt 0:01:52] A30: Symmetrical English: Double Fianchetto and Hedgehog.} Bxd5 12. Rd1 $146 ({Predecessor:} 12. Bxg7 Kxg7 13. d4 cxd4 14. Rd1 Nc6 15. Nxd4 Nxd4 16. Rxd4 Qf6 17. Rh4 g5 18. Rg4 Bxg2 19. Kxg2 {½-½ Andersson,U (2605)-Timman,J (2655) Mar del Plata Clarin Masters 1982}) 12... Nd7 13. Bxg7 Kxg7 14. Qc3+ Qf6 15. Rac1 Rac8 16. Ng5 Bxg2 17. Qxf6+ Nxf6 18. Kxg2 e5 19. d3 Rfd8 20. Rc4 Ne8 21. Rdc1 Nd6 22. Ra4 a5 23. Ne4 Nb5 24. Kf1 f5 25. Ng5 Rd7 26. g4 Nd4 27. e3 Nc6 28. gxf5 gxf5 29. Rh4 h6 30. Nf3 Rxd3 31. Ke2 Rd6 32. Rg1+ (32. Nd2 $1 $11) 32... Kf7 $17 33. Rh5 Rf6 34. Nh4 Ne7 35. Nf3 e4 36. Ne5+ Ke6 37. Rg7 Rc7 38. f4 $1 exf3+ 39. Nxf3 Nd5 40. Rxc7 $1 Nxc7 41. a4 Ne8 42. Nd2 Rg6 (42... Nd6 $15) 43. Kd3 ({White should play} 43. Nc4 $11) 43... Nf6 $15 44. Rh4 Ng4 45. Nc4 Kf6 46. Rh5 $1 (46. Nxb6 $2 Kg5 47. Rxg4+ fxg4 $19) 46... Rg8 47. Ke2 Kg6 48. Rh3 Rb8 49. Rg3 Kf6 50. h3 Ne5 51. Nxe5 Kxe5 52. Rg6 b5 53. Rxh6 bxa4 54. bxa4 Rb4 55. Rc6 c4 (55... Rxa4 56. Rxc5+ Ke6 57. Kf3 $11) 56. Rc5+ Ke4 57. Rxa5 Rb2+ 58. Kd1 Rf2 (58... Kxe3 59. Rxf5 Kd4 60. Rf4+ Kc3 61. a5) 59. Rc5 (59. Ra8 $11 {keeps the balance.}) 59... Kd3 $17 (59... Kxe3 60. Rxc4 Rf1+ 61. Kc2) 60. Kc1 $2 (60. Rd5+ Kxe3 61. Rd8) 60... c3 $1 $19 ({Weaker is} 60... Kxe3 61. Rxc4 f4 62. Rc3+ Ke2 63. a5 $11) 61. Rd5+ Kxe3 62. a5 f4 63. a6 Ra2 64. Re5+ Kd3 65. Rd5+ Kc4 66. Rd6 f3 67. Rc6+ Kd5 68. Rf6 f2 69. a7 Rxa7 70. Kc2 Ra1 0-1

[Event "German Bundesliga 2023-24"]
[Site "Germany"]
[Date "2024.02.25"]
[Round "11.50"]
[White "Svane, Rasmus"]
[Black "Abel, Dennes"]
[Result "1-0"]
[ECO "B13"]
[WhiteElo "2646"]
[BlackElo "2404"]
[Annotator "ChessBase"]
[PlyCount "75"]
[EventDate "2023.10.20"]
[EventType "team-tourn"]
[EventCountry "GER"]
[SourceTitle "playchess.com"]
[Source "ChessBase"]
[SourceQuality "1"]
[TimeControl "40/6000+30:3000+30"]

1. e4 c6 2. d4 d5 3. exd5 cxd5 4. Bd3 Nf6 5. h3 Nc6 6. c3 e5 7. dxe5 Nxe5 8. Qe2 Qe7 9. Be3 Nxd3+ 10. Qxd3 Qe4 11. Qb5+ Bd7 12. Qxb7 Rd8 13. Nf3 Bd6 14. Qa6 Bb8 15. Nbd2 Qg6 16. O-O-O d4 17. Nh4 Qh5 18. g4 Qd5 19. Bxd4 O-O 20. Rhe1 Bc8 21. Qa4 Qg5 22. Nhf3 Qf4 23. Qb5 Rd5 24. Qc4 Be6 25. Bxf6 Qxf6 26. Nd4 Qxf2 27. Rf1 Qe3 28. Rde1 Rxd4 29. Qxd4 Qxh3 30. Rxe6 fxe6 31. Rxf8+ Kxf8 32. Qd8+ Kf7 33. Qxb8 Qxg4 34. Qxa7+ Kg6 35. a4 h5 36. a5 h4 37. a6 h3 38. Qf2 1-0

[Event "German Bundesliga 2023-24"]
[Site "Germany"]
[Date "2024.02.25"]
[Round "11.51"]
[White "Walter, Stefan"]
[Black "Mendonca, Leon Luke"]
[Result "0-1"]
[ECO "D02"]
[WhiteElo "2382"]
[BlackElo "2614"]
[Annotator "ChessBase"]
[PlyCount "58"]
[EventDate "2023.10.20"]
[EventType "team-tourn"]
[EventCountry "GER"]
[SourceTitle "playchess.com"]
[Source "ChessBase"]
[SourceQuality "1"]
[TimeControl "40/6000+30:3000+30"]

1. d4 d5 2. Nf3 Nf6 3. c3 e6 4. Bf4 c5 5. e3 Be7 6. h3 Qb6 7. Qb3 O-O 8. Nbd2 Bd7 9. Ne5 Bc6 10. Be2 Nbd7 11. Qxb6 axb6 12. Nxc6 bxc6 13. O-O b5 14. a3 Ra7 15. Rac1 Nb6 16. Rc2 c4 17. f3 c5 18. g4 Nfd7 19. Kg2 Na4 20. Rb1 Rfa8 21. Nf1 Rb7 22. Rd1 b4 23. axb4 cxb4 24. Ra1 b3 25. Rd2 Rba7 26. Rb1 Ndb6 27. e4 Nxc3 28. bxc3 Na4 29. Rc1 Ba3 0-1

[Event "German Bundesliga 2023-24"]
[Site "Germany"]
[Date "2024.02.25"]
[Round "11.52"]
[White "Kempinski, Robert"]
[Black "Lammers, Markus"]
[Result "1-0"]
[ECO "A61"]
[WhiteElo "2554"]
[BlackElo "2336"]
[Annotator "TA"]
[PlyCount "95"]
[EventDate "2023.10.20"]
[EventType "team-tourn"]
[EventCountry "GER"]
[SourceTitle "playchess.com"]
[Source "ChessBase"]
[SourceQuality "1"]
[TimeControl "40/6000+30:3000+30"]

1. d4 Nf6 2. Nf3 e6 3. c4 c5 4. d5 exd5 5. cxd5 d6 6. Nc3 g6 7. Bf4 a6 8. a4 Bg7 9. h3 O-O 10. e3 Qe7 11. Be2 Nbd7 12. O-O Rb8 {[%emt 0:00:30] White is slightly better.} 13. Re1 Nh5 14. Bh2 f5 15. Nd2 Nhf6 16. Nc4 Ne8 17. a5 Ne5 18. Nb6 g5 19. f4 Ng6 20. Bd3 gxf4 21. exf4 Qh4 22. Rf1 Nc7 23. Qc2 Qd8 24. Rab1 Bd7 25. b4 cxb4 26. Rxb4 Bxc3 27. Qxc3 Bb5 28. Re1 {[%emt 0:00:30] White is much more active.} Bxd3 29. Qxd3 Rf7 30. Kh1 Qf8 31. Rc4 Re8 32. Rxe8 Qxe8 33. Bg3 {[%emt 0:00:30] Dodges Qe1+} Qe7 (33... Qb5 $14) 34. Qc2 Nb5 35. Kh2 Qf6 36. Qd3 Re7 37. Rc8+ (37. Bf2 {simplifies} Re4 38. Rxe4 fxe4 39. Qxe4 Qxf4+ 40. Qxf4 Nxf4 41. Kg3) 37... Kg7 (37... Kf7 $14) 38. Nc4 $1 $36 {[%emt 0:00:30][%mdl 2048] Black is under pressure.} Re4 39. Nd2 (39. Ne3 $1 $16) 39... Rd4 ({Better is} 39... Qd4 $14 40. Qxd4+ Rxd4) 40. Qe3 Rxd5 {[%emt 0:00:30] [#]} (40... Qf7 $16) 41. Nf3 $2 ({White must play} 41. Rb8 $1 $18 Rc5 42. Rxb7+ Rc7 43. Qb6) 41... Qe7 {[%mdl 8192] [#]} (41... Rc5 $14 42. Rb8 (42. Rxc5 dxc5 43. Qxc5 h6 $16) 42... Qe7) 42. Qb3 $1 $18 Qd7 43. Rb8 Rc5 44. Rg8+ Kh6 45. Bh4 Nc3 46. Bg5+ Kh5 47. Nd4 Rc8 {[%emt 0:06:03] [#]} 48. Ne2 $1 {[%emt 0:04:24][%mdl 512] Weighted Error Value: White=0.12 (very precise) /Black=0.44.  Loses game:     	---       	Black=1      Missed win:     	White=1     	---        Mistake:       	White=1     	Black=4      Inaccurate:     	White=3     	Black=5      OK:         	White=9     	Black=9      Best:        	---       	Black=2      Strong:       	White=2     	---} 1-0

[Event "German Bundesliga 2023-24"]
[Site "Germany"]
[Date "2024.02.25"]
[Round "11.53"]
[White "Schulze, Torben"]
[Black "Papp, Gabor"]
[Result "0-1"]
[ECO "B23"]
[WhiteElo "2325"]
[BlackElo "2530"]
[Annotator "TA"]
[PlyCount "94"]
[EventDate "2023.10.20"]
[EventType "team-tourn"]
[EventCountry "GER"]
[SourceTitle "playchess.com"]
[Source "ChessBase"]
[SourceQuality "1"]
[TimeControl "40/6000+30:3000+30"]

1. e4 c5 2. Nc3 a6 3. g3 d6 4. Bg2 Nf6 5. Nge2 e5 6. O-O {[%emt 0:00:45] B23: Closed Sicilian: Lines without g3.} b5 7. d3 Be7 8. a3 O-O 9. b4 $146 ({Predecessor:} 9. h3 Nc6 10. Be3 Nd4 11. f4 Bb7 12. Nd5 Nxd5 13. exd5 Bf6 14. c3 Nf5 15. Bf2 exf4 16. Nxf4 {0-1 Alvarez Castillo,H (1970)-Svidersky,A (2045) BI-2011-P-00029}) 9... Bb7 10. Rb1 Nbd7 11. Bd2 Rb8 12. Nc1 Qc7 13. Nb3 Nb6 14. Na5 Ba8 15. Qe2 Rfe8 16. Rfc1 h6 17. Qe1 Bf8 18. h3 Rbc8 19. Kh2 Qd7 20. Qh1 (20. bxc5 $11 {keeps the balance.} dxc5 21. a4) 20... d5 $17 21. Nxd5 Nbxd5 22. exd5 Bxd5 23. Bxd5 Nxd5 24. Qe1 Nc7 25. Nb3 c4 26. dxc4 bxc4 27. Na5 (27. Nc5 $17 {was worth a try.} Bxc5 28. bxc5) 27... Nb5 $19 28. c3 Nxa3 29. Ra1 Nb5 30. Qe2 Qc7 (30... Qe6 $19 {White must now prevent ...Red8.} 31. Rd1 f5) 31. Be1 (31. Be3 $17 {keeps fighting.}) 31... f5 32. Rd1 Qf7 33. Qe3 e4 34. Qb6 (34. Qd2 $142) 34... e3 35. fxe3 Re6 36. Qb7 Qxb7 37. Nxb7 Rxe3 38. Rdc1 Rc6 39. Na5 (39. Kg2 $142) 39... Rc7 $19 40. Ra2 Bd6 41. Rac2 Be5 42. Kg2 Rd3 43. Kh2 Kf7 44. Kg2 h5 45. h4 g6 46. Kh2 Nd6 47. Rd2 Bxg3+ 0-1

[Event "German Bundesliga 2023-24"]
[Site "Germany"]
[Date "2024.02.25"]
[Round "11.54"]
[White "Kramer, Julian"]
[Black "Pubantz, Jan"]
[Result "1/2-1/2"]
[ECO "B13"]
[WhiteElo "2470"]
[BlackElo "2299"]
[Annotator "TA"]
[PlyCount "121"]
[EventDate "2023.10.20"]
[EventType "team-tourn"]
[EventCountry "GER"]
[SourceTitle "playchess.com"]
[Source "ChessBase"]
[SourceQuality "1"]
[TimeControl "40/6000+30:3000+30"]

1. e4 c6 2. d4 d5 3. exd5 cxd5 4. Bd3 Nf6 5. h3 Nc6 6. c3 e5 7. dxe5 Nxe5 8. Qe2 Qe7 9. Bc2 b6 10. Na3 {[%emt 0:00:14] [#]} Ba6 $1 11. Nb5 (11. Qxa6 $2 Nf3+ 12. Kf1 Qe1#) 11... O-O-O 12. a4 Re8 13. Kf1 Kb7 14. Bf4 ({White should try} 14. Qd1 $14) 14... Nc4 $1 $15 {[%emt 0:20:00] ...Qd7 is the strong threat.} 15. Qxe7+ Bxe7 16. b3 Nd6 17. Bxd6 Bxd6 18. Ne2 $132 {[%emt 0:00:07][%mdl 2048] White is not keeping still} Be5 19. Rc1 (19. h4 $11 {was preferrable.}) 19... Ne4 20. f4 Bb8 (20... Bxc3 $2 21. Bxe4 Rxe4 22. Nd6+ (22. Nbxc3 Bxe2+ 23. Kf2 Ba6 $18) (22. Nexc3 Rxf4+ 23. Ke2 Rb4 $18) (22. Rxc3 Bxb5 23. axb5 Rhe8 $18) 22... Kb8 23. Nxe4 $18) (20... Bxb5 {simplifies} 21. axb5 Bf6 22. Bxe4 Rxe4 23. g4 Rhe8) 21. Rd1 Nf6 22. Kf2 Re7 23. g3 Rhe8 24. Rhe1 h5 25. b4 h4 26. g4 (26. gxh4 $11 {remains equal.} Ka8 27. Nbd4) 26... Re3 (26... g6 $17) 27. g5 $11 Nh5 28. Bb3 $1 {[%emt 0:00:13] Really sharp!} Bxb5 29. Bxd5+ Kc8 (29... Bc6 $2 30. Bxc6+ (30. Bxf7 $2 Rf3+ 31. Kg1 Bxf4 $19) 30... Kxc6 31. Nd4+ Kb7 32. Rxe3 $18) 30. axb5 Nxf4 31. Nxf4 Bxf4 (31... Rxe1 {simplifies} 32. Rxe1 Rxe1 33. Kxe1 Bxf4 34. Bxf7 Bxg5 35. Ke2 Bf6) 32. Rxe3 Bxe3+ {[%emt 0:01:10][%mdl 4096] Endgame. KRB-KRB} 33. Kf3 Bxg5 34. Bxf7 Re3+ 35. Kg4 Bf6 36. c4 Be7 37. Kf4 Rc3 38. Be6+ Kb8 39. Rd7 Bxb4 40. Rxg7 Rg3 41. Rh7 $16 ({But not} 41. Rxg3 Bd6+ 42. Ke4 Bxg3 $11) 41... Bc3 (41... Bd6+ $14 42. Ke4 Rg5) 42. Rxh4 {[%emt 0:00:00] White has more active pieces.} Rg7 43. Rh8+ Kc7 44. Rc8+ Kb7 45. Re8 Bf6 (45... a5 $142) 46. Kf5 Bc3 47. h4 Rh7 48. Kg4 (48. Bd5+ $142 Kc7 49. Re3) 48... Kc7 (48... Rg7+ $142 49. Kh3 Kc7) 49. h5 Rh8 50. Bg8 Kd7 51. Ra8 Kd6 {[%emt 0:00:28] [#]} 52. Kg5 (52. Bd5 $1 $16) 52... Bb2 (52... Bd2+ $11 53. Kg4 Kc5) 53. Rc8 Kd7 54. Rf8 Ke7 55. Ra8 Kd6 $1 56. Kg6 (56. Re8 $16) 56... Bc1 $11 57. Bd5 Rxa8 (57... Rh6+ $11 58. Kg7 Rxh5) 58. Bxa8 $16 {[%emt 0:00:00] Black must now prevent h6.} Ke7 59. Kg7 {[%emt 0:00:00] h6 would kill now.} Bb2+ 60. Kg8 {[%emt 0:00:00] And now h6 would win.} Bc1 61. Bb7 1/2-1/2

[Event "German Bundesliga 2023-24"]
[Site "Germany"]
[Date "2024.02.25"]
[Round "11.55"]
[White "Hoeffer, David"]
[Black "Zwirs, Nico"]
[Result "0-1"]
[ECO "D00"]
[WhiteElo "2323"]
[BlackElo "2476"]
[Annotator "ChessBase"]
[PlyCount "64"]
[EventDate "2023.10.20"]
[EventType "team-tourn"]
[EventCountry "GER"]
[SourceTitle "playchess.com"]
[Source "ChessBase"]
[SourceQuality "1"]
[TimeControl "40/6000+30:3000+30"]

1. d4 d5 2. Nc3 Nf6 3. Bf4 e6 4. Nb5 Na6 5. e3 Be7 6. Nf3 O-O 7. h4 Bd7 8. a4 Ne4 9. Bd3 c6 10. Nc3 f5 11. Ne5 Nxc3 12. bxc3 c5 13. Bxa6 bxa6 14. h5 Be8 15. a5 cxd4 16. exd4 Rb8 17. Rh3 Rb5 18. Rg3 Bh4 19. Re3 Rxa5 20. Nd3 Bxh5 21. Qc1 Bf7 22. Nc5 Rxa1 23. Qxa1 Bg5 24. Bxg5 Qxg5 25. Nxe6 Bxe6 26. Rxe6 Qxg2 27. Qxa6 Qg1+ 28. Ke2 f4 29. Kd2 f3 30. Qxa7 Qxf2+ 31. Kc1 Qf1+ 32. Kd2 Qg2+ 0-1

[Event "German Bundesliga 2023-24"]
[Site "Germany"]
[Date "2024.02.25"]
[Round "11.56"]
[White "Heinemann, Thies"]
[Black "Voege, Tobias"]
[Result "1/2-1/2"]
[ECO "C09"]
[WhiteElo "2438"]
[BlackElo "2283"]
[Annotator "TA"]
[PlyCount "43"]
[EventDate "2023.10.20"]
[EventType "team-tourn"]
[EventCountry "GER"]
[SourceTitle "playchess.com"]
[Source "ChessBase"]
[SourceQuality "1"]
[TimeControl "40/6000+30:3000+30"]

1. e4 e6 2. d4 d5 3. Nd2 c5 4. exd5 exd5 5. Ngf3 Nc6 6. Bb5 Qe7+ 7. Be2 Qc7 8. O-O Nf6 9. Re1 cxd4 {[%emt 0:00:31] White has an edge.} 10. Nb3 Bb4 11. Bd2 {[%emt 0:01:04][%cal Od2b4] Threatens to win with Bxb4!} Bxd2 12. Qxd2 O-O 13. Nbxd4 Bg4 14. c3 Rfe8 15. Bd3 Bh5 16. h3 (16. Rxe8+ {simplifies} Rxe8 17. Re1 Rxe1+ 18. Qxe1 Bxf3 19. Nxf3 g6 20. Qe2) 16... Rad8 17. Qg5 Bg6 18. Rxe8+ Rxe8 19. Bxg6 hxg6 20. Rd1 Na5 21. Qc1 Nc4 22. Re1 {[%emt 0:04:57] Weighted Error Value: White=0.04 (flawless) /Black=0.05 (flawless) .  OK:         	White=5     	Black=7} 1/2-1/2

[Event "German Bundesliga 2023-24"]
[Site "Germany"]
[Date "2024.02.25"]
[Round "11.57"]
[White "Nisipeanu, Liviu-Dieter"]
[Black "Cheparinov, Ivan"]
[Result "1/2-1/2"]
[ECO "E53"]
[WhiteElo "2600"]
[BlackElo "2649"]
[Annotator "TA"]
[PlyCount "41"]
[EventDate "2023.10.20"]
[EventType "team-tourn"]
[EventCountry "GER"]
[SourceTitle "playchess.com"]
[Source "ChessBase"]
[SourceQuality "1"]
[TimeControl "40/6000+30:3000+30"]

1. d4 Nf6 2. c4 e6 3. Nc3 Bb4 4. e3 O-O 5. Bd3 d5 6. Nf3 b6 7. cxd5 exd5 8. O-O c5 9. Bd2 Nc6 10. a3 Bxc3 11. Bxc3 c4 12. Be2 a5 13. Ne5 Qc7 14. f3 b5 15. b4 (15. b3 $11) 15... axb4 16. axb4 Bb7 17. Qd2 Rae8 18. Bd1 Nd7 19. Nxd7 Qxd7 20. Bc2 f5 21. Rfe1 {[%emt 0:14:01] Weighted Error Value: White=0.17 (very precise) /Black=0.07 (flawless) .  Mistake:       	White=1     	---        OK:         	White=5     	Black=5} 1/2-1/2

[Event "German Bundesliga 2023-24"]
[Site "Germany"]
[Date "2024.02.25"]
[Round "11.58"]
[White "Bjerre, Jonas Buhl"]
[Black "Bartel, Mateusz"]
[Result "1-0"]
[ECO "B11"]
[WhiteElo "2637"]
[BlackElo "2651"]
[Annotator "TA"]
[PlyCount "107"]
[EventDate "2023.10.20"]
[EventType "team-tourn"]
[EventCountry "GER"]
[SourceTitle "playchess.com"]
[Source "ChessBase"]
[SourceQuality "1"]
[TimeControl "40/6000+30:3000+30"]

1. e4 c6 2. Nf3 d5 3. Nc3 Bg4 4. h3 Bxf3 5. Qxf3 e6 6. Be2 d4 {[%emt 0:02:05] B11: Caro-Kann: Two Knights Variation.} 7. Nb1 Nd7 8. Qg3 $5 {[%emt 0:05:50][%mdl 4] Exploring less charted territory.} h5 $146 ({Predecessor:} 8... d3 9. Bxd3 Nc5 10. Nc3 Nxd3+ 11. cxd3 Ne7 12. O-O Ng6 13. f4 Bc5+ 14. Kh1 f5 15. exf5 exf5 {½-½ Reprintsev,A (2227)-Ianovsky,M (2218) Titled Tuesday intern op 05th Sep Early blitz 2023 (3)}) 9. f4 Qc7 10. d3 O-O-O 11. Nd2 f5 12. Qf2 Ngf6 13. e5 Nd5 14. Nf3 Bb4+ 15. Kf1 Bc5 16. Ng5 Nf8 17. c4 Ne3+ 18. Kg1 a5 19. Kh2 (19. h4 $16) 19... Qe7 ({Black should try} 19... Rh6 $11) 20. Bd2 $1 $14 b6 (20... Nxc4 $14 21. dxc4 d3) 21. Nf3 (21. a3 $1 $16 {[%cal Ob2b4] b4! would now be deadly.} a4 22. Rhb1 (22. b4 axb3 23. a4 Nd7 $17)) 21... Ng6 (21... Kb7 $11 {keeps the balance.}) 22. Qg3 Qe8 ({Better is} 22... Rh6 $14) 23. h4 Ng4+ 24. Kh3 Kc7 25. Bd1 Bb4 (25... Be7 $14) 26. Bc1 (26. Bxb4 $16 axb4 27. Ng5) 26... Be7 $14 27. Ba4 b5 28. cxb5 cxb5 29. Bd1 Qc6 30. Bd2 Qb6 31. a4 b4 32. Bb3 Kb8 33. Rhc1 Rc8 34. Qe1 Rxc1 35. Rxc1 Rc8 36. Kg3 Nf8 37. Qd1 Nd7 38. Rxc8+ Kxc8 39. Qc2+ Kb7 40. Qc4 Nc5 41. Bd1 Qd8 {[%emt 0:06:41] [#]} (41... Ne3 42. Bxe3 dxe3 43. Nd4 $16) (41... Qc6 $16 {was necessary.} 42. b3 (42. Nxd4 $2 Ne4+ 43. Kh3 Ngf2+ 44. Kh2 Qxc4 $19) 42... Na6 (42... Ne3 $2 43. Bxe3 dxe3 44. Nd4 $18)) 42. Nxd4 ({White should play} 42. Be2 $1 $18) 42... Bxh4+ $16 43. Kh3 Nf2+ 44. Kh2 Nxd1 45. Qxc5 Bf2 $2 (45... Qb6 $16 46. Qxb6+ Kxb6) 46. Qc6+ $18 Ka7 {[%emt 0:00:29] [#]} 47. Nb5+ $1 Kb8 48. g3 h4 $2 (48... Bb6 49. b3 (49. Qxe6 Nxb2 50. Nd6 h4 $18) 49... h4) 49. Nd6 $18 hxg3+ 50. Kg2 Qe7 51. Qc8+ Ka7 52. Qc2 (52. Bxb4 $142 Nc3 53. bxc3 (53. Bxc3 g5 54. Bxa5 Qxd6 55. exd6 gxf4 56. Qc7+ Ka8 57. d7 f3+ 58. Kxf3 Ba7 59. d8=Q+ Bb8 60. Qdxb8#) 53... axb4 54. a5 Qxd6 55. exd6 g5 56. d7 (56. fxg5 f4 57. d7 f3+ 58. Kxf3 e5 59. d8=Q e4+ 60. dxe4 bxc3 61. Qe7#) 56... gxf4 57. d8=Q (57. d8=B f3+ 58. Kxf3 e5 59. a6 e4+ 60. Kg2 exd3 61. Qb7#) 57... f3+ 58. Kxf3 bxc3 59. Qe7#) 52... Qd8 53. Qxd1 Qh8 54. Qf3 1-0

[Event "German Bundesliga 2023-24"]
[Site "Germany"]
[Date "2024.02.25"]
[Round "11.60"]
[White "Teclaf, Pawel"]
[Black "Gajewski, Grzegorz"]
[Result "1/2-1/2"]
[ECO "A13"]
[WhiteElo "2571"]
[BlackElo "2561"]
[Annotator "TA"]
[PlyCount "41"]
[EventDate "2023.10.20"]
[EventType "team-tourn"]
[EventCountry "GER"]
[SourceTitle "playchess.com"]
[Source "ChessBase"]
[SourceQuality "1"]
[TimeControl "40/6000+30:3000+30"]

1. Nf3 d5 2. e3 Nf6 3. c4 e6 4. b3 Bd6 5. Bb2 O-O 6. Nc3 Nc6 7. a3 d4 8. Nxd4 {[%emt 0:09:52] White has an edge.} Nxd4 9. exd4 c6 10. Be2 e5 {[%emt 0:01:52] The position is equal.} 11. d5 cxd5 12. cxd5 Bc5 13. O-O Bd4 14. Qc2 Bg4 15. Bxg4 Nxg4 16. h3 Nf6 17. Ne4 Nxe4 18. Bxd4 Qxd5 19. Rfe1 Qxd4 20. Qxe4 Qxe4 21. Rxe4 {[%emt 0:00:03] A rather calm draw.   Weighted Error Value: White=0.05 (flawless) /Black=0.04 (flawless) .  OK:         	White=7     	Black=8      Best:        	White=1     	---} 1/2-1/2

[Event "German Bundesliga 2023-24"]
[Site "Germany"]
[Date "2024.02.25"]
[Round "11.61"]
[White "Vogel, Roven"]
[Black "Gumularz, Szymon"]
[Result "1/2-1/2"]
[ECO "E71"]
[WhiteElo "2471"]
[BlackElo "2580"]
[Annotator "TA"]
[PlyCount "92"]
[EventDate "2023.10.20"]
[EventType "team-tourn"]
[EventCountry "GER"]
[SourceTitle "playchess.com"]
[Source "ChessBase"]
[SourceQuality "1"]
[TimeControl "40/6000+30:3000+30"]

1. d4 Nf6 2. c4 g6 3. Nc3 Bg7 4. e4 d6 5. h3 O-O 6. Be3 e5 7. d5 Na6 {[%emt 0:00:07] The main line 7...Na6 scores better than 7...a5.} 8. g4 {[%emt 0:02:00] E71: King's Indian: 4 e4 d6 5 h3.} Nc5 9. f3 a5 10. Nge2 c6 11. Qd2 cxd5 12. cxd5 Bd7 13. Ng3 h5 14. Rg1 h4 15. Nh1 Nh7 16. O-O-O $146 ({Predecessor:} 16. Nf2 a4 17. g5 Qa5 18. Ng4 b5 19. Rc1 Rfc8 20. Be2 a3 21. b3 b4 22. Nd1 {1-0 Ciorgovean,I (2276)-Harsha,B (2547) Titled Tuesday intern op 17th May Early blitz 2022 (4)}) 16... Rb8 17. Bb5 Bxb5 18. Nxb5 Qd7 19. Qe2 Rfc8 20. Kb1 Bf6 21. g5 Bd8 22. Nf2 Na4 23. f4 Bb6 24. Bxb6 Nxb6 25. fxe5 dxe5 26. Na7 Rf8 27. Ng4 Qe7 28. d6 Qxg5 29. Qb5 Nc8 30. Nxc8 $1 (30. Nxe5 Nxa7 31. Qd5 (31. Qxa5 Qe3 $11) 31... Nf6 $16) (30. Nc6 Nxd6 $11 (30... bxc6 $2 31. Qxb8 Nxd6 32. Qxd6 $18) (30... bxc6 $2 31. Qxb8 Ne7 32. Qc7 $18)) 30... Rbxc8 31. Nxe5 Qe3 32. Qd5 (32. Qxa5 $2 Rc5 33. Qa7 Rc1+ (33... Qxe4+ 34. Nd3 $15) 34. Rxc1 Qxa7 $19) 32... Kg7 33. Qxb7 Ng5 34. Rxg5 Qxg5 35. Nxf7 $1 Qh5 36. Ng5+ $2 (36. Ne5+ $18 {and the rest is easy.} Kh8 37. Qd5) 36... Kh8 $16 37. Qd5 $1 Qe2 38. a3 (38. d7 $2 Qc2+ 39. Ka1 Qc1+ 40. Rxc1 Rxc1#) 38... Rc2 {[%emt 0:00:25] [#]} (38... Rb8 $16 39. Qe5+ Kg8 40. Qd5+ Kh8) 39. Qd4+ $1 $18 (39. d7 $2 Rxb2+ 40. Ka1 Ra2+ 41. Qxa2 Qxd1+ 42. Qb1 Qxd7 $19) 39... Kg8 {[%emt 0:00:03] [#]} 40. Ne6 $2 (40. Qd5+ Kh8 41. Qd4+ (41. d7 $2 Rxb2+ 42. Ka1 Ra2+ 43. Qxa2 Qxd1+ 44. Qb1 Qxd7 $19) 41... Kg8 $16) ({Only move:} 40. Ka2 $1 $18 {And now Qd5+ would win.} Rb8 (40... Rxb2+ $2 41. Qxb2 Qxd1 42. Ne6 $18) 41. Qd5+ Kg7 42. Qf7+ (42. Qe5+ Kh6 $11) 42... Kh6 43. Qh7+ Kxg5 44. Rg1+ Kf4 45. Qxh4+ Ke3 46. Rg3+ Kd4 47. Qf6+ Kc5 48. Qe5+ Kb6 (48... Kc6 49. Qd5+ Kb6 50. Rb3+ Ka7 51. Qxa5+ Qa6 52. Qxa6+ Kxa6 53. Rxb8 $18) 49. d7 (49. Rxg6 $2 Qc4+ 50. Kb1 Rc1#) (49. Rb3+ Ka6 $11) 49... Rxb2+ (49... Rd8 50. Rb3+ Ka7 51. Qd4+ Ka8 52. Qd5+) 50. Qxb2+ Qxb2+ 51. Kxb2 Kc7+ 52. Rb3) 40... Rf7 $11 41. Rg1 (41. Ka2 $11 Rb7 (41... Rxb2+ 42. Qxb2 Qc4+ 43. Ka1 $18) 42. Rb1) 41... Rxb2+ $1 $15 42. Qxb2 Qxe4+ 43. Ka1 (43. Qc2 $2 Rb7+ (43... Qxe6 $2 44. Rxg6+ $18) 44. Kc1 Qe3+ (44... Qxe6 $2 45. Rxg6+ $18) 45. Kd1 Qxg1+ 46. Ke2 Qh2+ 47. Kd3 Qxh3+ (47... Qxd6+ $2 48. Nd4 $19) 48. Kd4 Qxe6 $19) 43... Qxe6 44. Qd2 (44. Qd4 Qxh3 45. Ka2 (45. Rxg6+ $2 Kh7 $19) 45... Qe6+ 46. Ka1 h3 $19) 44... Kh7 (44... Qxh3 $2 {too greedy.} 45. Rxg6+ (45. Qxa5 $2 {loses.} Rf1+ 46. Rxf1 Qxf1+ 47. Kb2 Qf6+ 48. Kc1 Qxd6 $19) 45... Rg7 46. d7 (46. Qd5+ Kh7 $18) 46... Qf1+ 47. Kb2 Qb5+ 48. Kc1 $18) (44... Rd7 $1 $15 45. Qa2 Qxa2+ (45... Rxd6 46. Rxg6+ Kf7 47. Rxe6 $11) 46. Kxa2 Rxd6) 45. Rd1 $1 $11 Qxh3 46. d7 $1 Qxa3+ 1/2-1/2